 Dungeon Crawl Stone Soup version 0.27-a0-423-gf312af23e9 (webtiles) character file.

Game seed: 11010016480638818616

275799 hellse the Bludgeoner (level 19, -10/206 HPs)
             Began as a Troll Fighter on Feb 25, 2021.
             Was the Champion of Okawaru.
             Mangled by a deep elf blademaster
             ... wielding a +0 rapier of venom
              (17 damage)
             ... on level 2 of the Elven Halls on Feb 26, 2021.
             The game lasted 01:38:31 (38998 turns).

hellse the Bludgeoner (Troll Fighter)              Turns: 38998, Time: 01:38:32

Health: -10/206    AC: 14    Str: 33    XL:     19   Next: 56%
Magic:  22/22      EV: 14    Int: 16    God:    Okawaru [******]
Gold:   2186       SH:  0    Dex: 15    Spells: 18/18 levels left

rFire    . . .     SeeInvis .   h - +6 giant spiked club of Honour {drain, rPois Int+4}
rCold    + . .     Faith    .   (shield currently unavailable)
rNeg     + . .     Spirit   .   S - +2 robe {rC+}
rPois    +         Reflect  .   T - +4 hat of Bitterness {Int+2}
rElec    +         Harm     .   c - +2 cloak {rCorr}
rCorr    +         Rampage  .   (gloves unavailable)
Will     ++...                  (boots unavailable)
Stlth    +.........             N - amulet "Zefrulow" {rPois rN+ Regen+}
HPRegen  2.44/turn              H - ring of willpower
MPRegen  0.18/turn              b - ring of Neadopn {rElec Str+4 Int+6}

@: lethally poisoned (-10 -> -12)
A: large, unfitting armour, claws 3, regeneration 1, shaggy fur 1, tough skin 1
}: 2/15 runes: barnacled, gossamer
a: Renounce Religion, Heroism, Finesse


You were on level 2 of the Elven Halls.
You worshipped Okawaru.
Okawaru was exalted by your worship.
You visited 7 branches of the dungeon, and saw 34 of its levels.
You visited the Abyss 1 time.
You also visited: Sewer, Bailey and Gauntlet.

You collected 4507 gold pieces.
You spent 2321 gold pieces at shops.

Inventory:

Hand Weapons
 h - the +6 giant spiked club of Honour (weapon) {drain, rPois Int+4}
   (Okawaru gifted it to you on level 3 of the Spider Nest)

   A truly terrible weapon, it drains the life of those it strikes.
   It affects your intelligence (+4).
   It protects you from poison.
 w - a +0 giant club
 J - the +10 morningstar of Puufyiz {freeze, +Fly rElec Dex-5}
   (You found it on level 1 of the Lair of Beasts)

   It has been specially enchanted to freeze those struck by it, causing extra
   injury to most foes and up to half again as much damage against particularly
   susceptible opponents.
   It can also slow down cold-blooded creatures.
   It affects your dexterity (-5).
   It insulates you from electricity.
   It lets you fly.
 M - a +0 giant spiked club
 U - the +4 battleaxe of Askish {flame, +Fly rElec rPois rN+}
   (You took it off a centaur on level 10 of the Dungeon)

   It has been specially enchanted to burn those struck by it, causing extra
   injury to most foes and up to half again as much damage against particularly
   susceptible opponents.
   Big, fiery blades are also staple armaments of hydra-hunters.
   It insulates you from electricity.
   It protects you from poison.
   It protects you from negative energy.
   It lets you fly.
 V - the +10 flail of Pride {speed, rF+ rC+ Str+3 Int+4}
   (You took it off a wight on level 11 of the Dungeon)

   Attacks with this weapon are significantly faster.
   It affects your strength (+3).
   It affects your intelligence (+4).
   It protects you from fire.
   It protects you from cold.
Missiles
 j - 61 silver javelins
 v - 65 large rocks (quivered)
Armour
 c - a +2 cloak of preservation (worn)
 e - a +0 kite shield of cold resistance
 m - a +2 tower shield of protection
 s - a +1 robe of fire resistance
 O - +0 acid dragon scales
 S - a +2 robe of cold resistance (worn)
 T - the +4 hat of Bitterness (worn) {Int+2}
   (Okawaru gifted it to you on level 10 of the Dungeon)

   It affects your intelligence (+2).
 Z - a +0 cloak
Jewellery
 b - the ring of Neadopn (right claw) {rElec Str+4 Int+6}
   (You found it in a Gauntlet)

   [ring of intelligence]

   It affects your strength (+4).
   It affects your intelligence (+6).
   It insulates you from electricity.
 g - the ring "Sukkank" {+Blink +Fly rF+++ Dex+4 Slay-4}
   (You found it in a Gauntlet)

   [ring of flight]

   It affects your dexterity (+4).
   It affects your accuracy and damage with ranged weapons and melee attacks
   (-4).
   It renders you almost immune to fire.
   It lets you fly.
   It lets you blink.
 l - a ring of positive energy
 x - a ring of willpower
 G - a +6 ring of strength
 H - a ring of willpower (left claw)
 K - a ring of poison resistance
 N - the amulet "Zefrulow" (around neck) {rPois rN+ Regen+}
   (You found it on level 1 of the Shoals)

   [amulet of regeneration]

   It protects you from poison.
   It protects you from negative energy.
   It increases your rate of regeneration.
 P - a +6 ring of dexterity
 Y - a ring of ice
Wands
 p - a wand of iceblast (20)
 u - a wand of paralysis (30)
 y - a wand of acid (36)
 C - a wand of polymorph (16)
 R - a wand of digging (3)
Scrolls
 k - a scroll of teleportation
 n - 6 scrolls of enchant armour
 q - 12 scrolls of identify
 r - 3 scrolls of enchant weapon
 F - 2 scrolls of fog
 I - a scroll of blinking
 L - a scroll of holy word
 W - a scroll of brand weapon
 X - 4 scrolls of magic mapping
Potions
 d - 3 potions of mutation
 f - 9 potions of flight
 i - 2 potions of ambrosia
 o - 4 potions of might
 t - 4 potions of haste
 z - 2 potions of heal wounds
 B - 11 potions of curing
 D - 3 potions of magic
Miscellaneous
 a - a phantom mirror (inert)
 A - a phial of floods
 E - a condenser vane
 Q - a lightning rod (4/4)


   Skills:
 - Level 16.6 Fighting
 + Level 20.2 Maces & Flails
 - Level 12.0 Throwing
 - Level 10.0 Armour
 - Level 7.1 Dodging
 - Level 2.4 Shields
 - Level 6.2 Invocations
 - Level 2.1 Evocations


You had 18 spell levels left.
You didn't know any spells.
Your spell library contained the following spells:

 Spells                   Type           Power        Failure   Level
 Animate Skeleton         Necr           0%           26%         1
 Apportation              Tloc           0%           26%         1
 Freeze                   Ice            0%           26%         1
 Magic Dart               Conj           0%           26%         1
 Pain                     Necr           0%           26%         1
 Shock                    Conj/Air       0%           26%         1
 Summon Small Mammal      Summ           0%           26%         1
 Blink                    Tloc           N/A          36%         2
 Call Imp                 Summ           0%           36%         2
 Passwall                 Tmut/Erth      0%           36%         2
 Slow                     Hex            0%           36%         2
 Swiftness                Air            0%           36%         2
 Call Canine Familiar     Summ           0%           58%         3
 Conjure Flame            Conj/Fire      0%           58%         3
 Dazzling Flash           Conj/Hex       0%           58%         3
 Frozen Ramparts          Ice            0%           58%         3
 Gell's Gravitas          Tloc           0%           58%         3
 Lesser Beckoning         Tloc           0%           58%         3
 Mephitic Cloud           Conj/Pois/Air  0%           58%         3
 Ozocubu's Armour         Ice            0%           58%         3
 Portal Projectile        Hex/Tloc       0%           58%         3
 Static Discharge         Conj/Air       0%           58%         3
 Stone Arrow              Conj/Erth      0%           58%         3
 Summon Guardian Golem    Hex/Summ       0%           58%         3
 Tukima's Dance           Hex            0%           58%         3
 Vampiric Draining        Necr           0%           58%         3
 Airstrike                Air            0%           94%         4
 Animate Armour           Summ/Erth      0%           94%         4
 Animate Dead             Necr           0%           94%         4
 Hailstorm                Conj/Ice       0%           94%         4
 Iskenderun's Mystic Bla  Conj/Tloc      0%           94%         4
 Manifold Assault         Tloc           0%           94%         4
 Passage of Golubria      Tloc           N/A          94%         4
 Summon Ice Beast         Ice/Summ       0%           94%         4
 Summon Lightning Spire   Summ/Air       0%           94%         4
 Agony                    Necr           0%           100%        5
 Alistair's Intoxication  Tmut/Pois      0%           100%        5
 Bolt of Magma            Conj/Fire/Erth 0%           100%        5
 Borgnjor's Vile Clutch   Necr/Erth      0%           100%        5
 Irradiate                Conj/Tmut      0%           100%        5
 Iskenderun's Battlesphe  Conj           0%           100%        5
 Lee's Rapid Deconstruct  Erth           0%           100%        5
 Lightning Bolt           Conj/Air       0%           100%        5
 Silence                  Hex/Air        0%           100%        5
 Conjure Ball Lightning   Conj/Air       0%           100%        6
 Death Channel            Necr           0%           100%        6
 Dispersal                Tloc           0%           100%        6
 Hydra Form               Tmut           0%           100%        6
 Invisibility             Hex            0%           100%        6
 Iron Shot                Conj/Erth      0%           100%        6
 Simulacrum               Ice/Necr       0%           100%        6
 Statue Form              Tmut/Erth      0%           100%        6
 Dragon Form              Tmut           0%           100%        7
 Malign Gateway           Summ/Tloc      0%           100%        7
 Orb of Destruction       Conj           0%           100%        7
 Spellforged Servitor     Conj/Summ      0%           100%        7
 Chain Lightning          Conj/Air       0%           100%        8
 Disjunction              Tloc           0%           100%        8
 Lehudib's Crystal Spear  Conj/Erth      0%           100%        8
 Absolute Zero            Ice            0%           100%        9
 Fire Storm               Conj/Fire      0%           100%        9
 Tornado                  Air            0%           100%        9


Dungeon Overview and Level Annotations

Branches:
Dungeon (15/15)            Temple (1/1) D:4            Lair (6/6) D:11
 Shoals (4/4) Lair:2       Spider (4/4) Lair:4        Slime (0/5) Lair:6
    Orc (2/2) D:10            Elf (2/3) Orc:2        Vaults (0/5) D:14
 Depths (0/5) D:15          Sewer (visited)          Bailey (visited)
Gauntlet (visited)

Altars:
Ashenzari
Cheibriados
Dithmenos
Elyvilon
Fedhas
Gozag
Hepliaklqana
Kikubaaqudgha
Makhleb
Nemelex Xobeh
Okawaru
Qazlal
Ru
Sif Muna
Trog
Uskayaw
Vehumet
Wu Jian
Xom
Yredelemnul
Zin
The Shining One
Beogh
Jiyva

Shops:
D:5 =!(((   D:8 (   Orc:2 *([:

Annotations:
D:4 dig
D:8 dig
D:9 dig
Spider:3 1 transporter, Arachne; Plog's ghost, adept MiBe


Innate Abilities, Weirdness & Mutations

You are too large for most types of armour.
You have claws for hands.
Your natural rate of healing is unusually fast.
You are covered in fur. (AC +1)
You have tough skin. (AC +1)


Message History

The deep elf blademaster is severely wounded.
The deep elf blademaster hits you with a +0 rapier of venom!!
The deep elf blademaster hits you with a +0 rapier of venom.
You are too injured to fight recklessly!
You barely miss the deep elf blademaster.
The deep elf blademaster is severely wounded.
The deep elf blademaster hits you but does no damage.
You are poisoned.
The deep elf blademaster hits you with a +0 rapier of venom!
You are more poisoned.
You completely miss the deep elf blademaster.
The deep elf blademaster is severely wounded.
You feel sick.
The deep elf blademaster hits you with a +0 rapier of venom!
The deep elf blademaster hits you with a +0 rapier of venom.
You barely miss the deep elf blademaster.
The deep elf blademaster is severely wounded.
You feel sick.
The deep elf blademaster hits you with a +0 rapier of venom!
* * * LOW HITPOINT WARNING * * *
The deep elf blademaster hits you with a +0 rapier of venom!!
* * * LOW HITPOINT WARNING * * *
You are more poisoned.
You closely miss the deep elf blademaster.
The deep elf blademaster is severely wounded.
You feel very sick.
The deep elf blademaster barely misses you.
The deep elf blademaster hits you with a +0 rapier of venom!!
* * * LOW HITPOINT WARNING * * *
You bludgeon the deep elf blademaster!!
The deep elf blademaster is almost dead.
You feel very sick.
The deep elf blademaster hits you with a +0 rapier of venom!
* * * LOW HITPOINT WARNING * * *
The deep elf blademaster hits you but does no damage.
You miss the deep elf blademaster.
The deep elf blademaster is almost dead.
You feel sick.
The deep elf blademaster hits you with a +0 rapier of venom!
You die...

#.# ##.#####..<.......#
#.###......+..........#
#.......####..........#
#######.# #.....)....# #.#
#..........#
#.####..........# ##
#......[:.......# .#######
#...............# .......#
##..⌠e@..........# .......#
#...(............#
.......####................#
......>'........+.........##
)...[..#.#####.##........##
...<...#.# #.##.......##
#.....(#+## #.##......##
####......# #.##.....##
###.......# #.######'#


You could see a deep elf blademaster.

Vanquished Creatures
  A Hell Sentinel (Abyss:3)
  Ilsuiw (Shoals:2)
  A revenant (Abyss:3)
  The ghost of Honosyedgha the Warrior, an adept GrBe of Trog (Spider:3)
  A fire giant (D:10)
  4 ghost moths
  An orc warlord (Orc:2)
  4 emperor scorpions
  A deep elf elementalist (Elf:1)
  A stone giant (Shoals:2)
  A deep elf demonologist (Elf:2)
  A deep elf annihilator (Elf:2)
  3 entropy weavers
  A lorocyproca (Abyss:3)
  4 spark wasps
  A minotaur (Gauntlet)
  A green death (Gauntlet)
  An ettin (D:15)
  A fire dragon (Lair:6)
  6 merfolk javelineers
  6 merfolk impalers
  Josephine (D:11)
  A deep elf death mage (Elf:1)
  A deep elf high priest (Elf:2)
  3 yaktaur captains (D:14)
  Harold (D:8)
  3 boulder beetles
  4 hydras
  2 rakshasas (Abyss:3)
  Fannar (D:11)
  3 alligator snapping turtles
  3 catoblepae
  2 ogre magi
  4 centaur warriors (D:14)
  7 merfolk aquamancers
  Erica (D:9)
  A queen ant (D:13)
  7 two-headed ogres
  A satyr (Shoals:3)
  4 merfolk avatars
  5 tengu warriors
  13 dancing weapons
  10 death yaks
  4 orc high priests (Orc:2)
  The ghost of Akhra the Fencer, a journeyman TeGl (D:14)
  Urug (Lair:5)
  A thrashing horror (Abyss:3)
  5 deep elf knights
  4 skeletal warriors (D:10)
  7 unseen horrors
  16 sea snakes
  6 deep elf archers
  A swamp dragon (Lair:6)
  9 harpies
  A deep troll (D:10)
  A lindwurm (Lair:3)
  An orange crystal statue (Shoals:1)
  20 deep elf pyromancers
  7 orc knights
  18 orb spiders
  29 wolf spiders
  6 ugly things
  15 deep elf zephyrmancers
  13 cyclopes
  6 fauns (Shoals:1)
  7 oklob plants
  7 orc sorcerers
  14 manticores
  2 moths of wrath
  2 black mambas (Lair:3)
  11 merfolk sirens
  3 torpor snails
  4 water nymphs
  2 yaktaurs (D:14)
  An orange demon (Abyss:3)
  9 cane toads
  A freezing wraith (D:14)
  A komodo dragon (shapeshifter) (D:14)
  Maggie (D:8)
  2 rime drakes
  9 demonic crawlers
  Psyche (D:9)
  2 ice devils (Gauntlet)
  2 kobold demonologists (D:13)
  7 komodo dragons
  2 tengu conjurers (D:15)
  11 trolls
  A jumping spider (shapeshifter) (D:15)
  42 jumping spiders
  A wind drake (shapeshifter) (Elf:2)
  4 harpy zombies (Shoals:4)
  A polar bear (Lair:4)
  8 hornets
  33 merfolk
  3 raiju (Abyss:3)
  7 blink frogs
  4 wind drakes
  A harpy skeleton (D:15)
  11 snapping turtles
  12 dream sheep
  8 slime creatures
  51 tarantellas
  2 air elementals
  6 flying skulls (Abyss:3)
  2 shadows
  11 water elementals
  63 redbacks
  A vampire (D:15)
  2 ynoxinuls (Abyss:3)
  8 wyverns
  40 yaks
  A tarantella (shapeshifter) (Elf:1)
  A basilisk (Lair:4)
  A fire bat (Abyss:3)
  2 hogs (D:12)
  A human (D:12)
  5 wraiths
  A fire elemental (Elf:2)
  5 steam dragons
  8 vampire mosquitoes
  A chaos spawn (Abyss:3)
  5 wargs
  9 soldier ants
  2 acid dragons
  12 water moccasins
  A floating eye (shapeshifter) (D:8)
  34 orc warriors
  A sky beast (D:10)
  An ice dragon simulacrum (Abyss:3)
  6 ice beasts
  4 swamp drakes
  An eye of draining (D:13)
  2 black bears
  A wolf (shapeshifter) (D:14)
  3 hornet zombies
  3 manticore zombies (Shoals:4)
  A necrophage (D:7)
  14 ogres
  15 wolves
  15 centaurs
  5 phantoms
  4 kobold brigands
  18 bullfrogs
  A wyvern zombie (D:10)
  An earth elemental (Elf:1)
  3 gnoll sergeants
  A wyvern skeleton (D:8)
  4 scorpions
  8 killer bees
  11 wights
  4 electric eels
  3 howler monkeys
  3 centaur zombies
  8 jellies
  4 bullfrog zombies
  8 quasits
  5 centaur skeletons
  14 hounds
  A gnoll shaman (D:4)
  13 orc priests
  5 bullfrog skeletons
  27 worker ants
  11 iguanas
  21 orc wizards
  Terence (D:2)
  A hell rat (D:11)
  A statue (D:6)
  A small abomination (Abyss:3)
  A killer bee zombie (D:9)
  A hound skeleton (D:4)
  2 hound zombies (D:7)
  A howler monkey skeleton (D:8)
  30 gnolls
  18 adders
  2 shadow imps
  3 white imps
  5 ufetubi
  3 oozes
  2 adder zombies
  4 adder skeletons
  3 worms
  A dart slug (D:1)
  3 leopard geckos
  86 orcs
  10 bats
  9 giant cockroaches
  13 goblins
  6 hobgoblins
  14 jackals
  31 kobolds
  5 quokkas
  2 ball pythons
  2 frilled lizards
  A jackal zombie (D:5)
  2 quokka skeletons
  6 rats
  A bush (D:10)
1325 creatures vanquished.

Vanquished Creatures (others)
  A ghost moth (Spider:4)
  A blizzard demon (Gauntlet)
  2 deep elf knights (Elf:1)
  An orb spider (Spider:4)
  A redback (Spider:4)
  A centaur (D:14)
  2 orcs (Orc:1)
  20 fungi
  67 plants
96 creatures vanquished.

Grand Total: 1421 creatures vanquished

Notes
Turn   | Place    | Note
-------+----------+-------------------------------------------
     0 | D:1      | hellse the Troll Fighter began the quest for the Orb.
     0 | D:1      | Reached XP level 1. HP: 22/22 MP: 0/0
   159 | D:1      | Reached skill level 2 in Maces & Flails
   522 | D:1      | Reached XP level 2. HP: 29/29 MP: 1/1
  1013 | D:2      | Reached skill level 3 in Maces & Flails
  1129 | D:2      | Reached XP level 3. HP: 36/36 MP: 2/2
  1215 | D:2      | Found a shimmering altar of Xom.
  1421 | D:2      | Noticed Terence
  1431 | D:2      | Killed Terence
  1717 | D:3      | Reached skill level 4 in Maces & Flails
  1717 | D:3      | Reached XP level 4. HP: 44/44 MP: 3/3
  1811 | D:4      | Found a blossoming altar of Fedhas.
  1940 | D:4      | Reached XP level 5. HP: 40/50 MP: 4/4
  2021 | D:3      | Reached skill level 5 in Maces & Flails
  2176 | D:4      | Found a staircase to the Ecumenical Temple.
  2185 | Temple   | Entered the Ecumenical Temple
  2226 | Temple   | Became a worshipper of Warmaster Okawaru
  2566 | D:3      | Reached XP level 6. HP: 56/59 MP: 5/5
  3206 | D:4      | Found a basalt altar of Yredelemnul.
  3212 | D:4      | Found a bloodstained altar of Trog.
  3217 | D:4      | Found a glowing golden altar of the Shining One.
  3373 | D:4      | Found an ornate altar of the Wu Jian Council.
  3400 | D:4      | Reached skill level 6 in Maces & Flails
  3677 | D:5      | Entered Level 5 of the Dungeon
  3677 | D:5      | Found Zumeusur's Weapon Emporium.
  3679 | D:5      | Bought a +1 whip of venom for 110 gold pieces
  3696 | D:5      | Found a glowing drain.
  3711 | Sewer    | Entered a sewer
  3746 | Sewer    | Noticed a water moccasin
  3782 | Sewer    | Killed a water moccasin
  3939 | D:5      | Found an opulent altar of Gozag.
  4040 | D:5      | Found Qupuobiu's Weapon Boutique.
  4048 | D:5      | Reached skill level 7 in Maces & Flails
  4059 | D:5      | Found Feuwk's Jewellery Emporium.
  4092 | D:5      | Reached XP level 7. HP: 43/66 MP: 6/6
  4092 | D:5      | Reached * piety under Okawaru
  4150 | D:5      | Found Bublyrari's Weapon Boutique.
  4292 | D:5      | Reached skill level 8 in Maces & Flails
  4413 | D:5      | Found Cofuxtu's Distillery.
  4416 | D:5      | Bought a potion of heal wounds for 55 gold pieces
  4741 | D:7      | Reached ** piety under Okawaru
  4742 | D:7      | Reached XP level 8. HP: 64/78 MP: 7/7
  4873 | D:7      | Found a flagged portal.
  4879 | Bailey   | Entered a bailey
  4884 | Bailey   | Noticed an orc warlord
  4942 | Bailey   | Reached skill level 1 in Invocations
  4988 | Bailey   | Found a runed translucent gate.
  4988 | Bailey   | Found a runed translucent gate.
  4988 | Bailey   | Found a runed translucent gate.
  5860 | D:6      | Reached *** piety under Okawaru
  5934 | D:6      | Reached skill level 9 in Maces & Flails
  5990 | D:6      | Reached XP level 9. HP: 68/84 MP: 11/11
  6048 | D:6      | Found a radiant altar of Vehumet.
  6109 | D:6      | Identified the +1 leather armour of a bailey {rPois rF+ rC+
                  | rCorr Int-2}
  6130 | D:6      | Found a hazy altar of Hepliaklqana.
  6131 | D:6      | Found a snail-covered altar of Cheibriados.
  6163 | D:6      | Found an ancient bone altar of Kikubaaqudgha.
  6935 | D:7      | Received a gift from Okawaru
  6951 | D:7      | Reached skill level 10 in Maces & Flails
  7084 | D:8      | Noticed Harold
  7102 | D:8      | Killed Harold
  7367 | D:8      | Noticed a tengu warrior
  7367 | D:8      | Noticed a purple ugly thing
  7389 | D:8      | Reached **** piety under Okawaru
  7399 | D:8      | Noticed a two-headed ogre
  7410 | D:8      | Killed a two-headed ogre
  7411 | D:8      | Reached XP level 10. HP: 25/100 MP: 12/12
  7754 | D:8      | Killed a tengu warrior
  7754 | D:8      | Reached ***** piety under Okawaru
  7755 | D:8      | Reached skill level 11 in Maces & Flails
  7852 | D:5      | Bought an amulet of regeneration for 390 gold pieces
  7970 | D:8      | Noticed a cyan ugly thing
  7990 | D:8      | Killed a brown ugly thing
  7993 | D:8      | Killed a cyan ugly thing
  7993 | D:8      | Received a gift from Okawaru
  8108 | D:8      | Noticed Maggie
  8114 | D:8      | Killed Maggie
  8115 | D:8      | Reached skill level 12 in Maces & Flails
  8269 | D:8      | Found a glowing silver altar of Zin.
  8276 | D:8      | Found Goesmep's Antique Weapon Shop.
  8442 | D:9      | Identified a scroll of acquirement
  8445 | D:9      | Reached XP level 11. HP: 111/111 MP: 13/13
  8446 | D:9      | Acquired 425 gold pieces
  8480 | D:9      | Noticed Psyche
  8487 | D:9      | Killed Psyche
  8562 | D:9      | Noticed Erica
  8571 | D:9      | Killed Erica
  8572 | D:9      | Reached XP level 12. HP: 75/122 MP: 14/14
  8655 | D:9      | Identified a dull robe
  8978 | D:9      | Found a roughly hewn altar of Beogh.
  9342 | D:9      | Found a sparkling altar of Nemelex Xobeh.
  9426 | D:10     | Entered Level 10 of the Dungeon
  9427 | D:10     | Found a staircase to the Orcish Mines.
  9495 | D:10     | Identified the +4 battleaxe of Askish {flame, +Fly rElec
                  | rPois rN+}
  9515 | D:10     | Identified a twisted hat {god gift} (Okawaru gifted it to
                  | you on level 10 of the Dungeon)
  9515 | D:10     | Received a gift from Okawaru
  9516 | D:10     | Reached skill level 5 in Armour
  9612 | D:10     | Reached skill level 13 in Maces & Flails
  9822 | D:10     | Noticed a fire giant
  9831 | D:10     | Killed a fire giant
  9919 | D:10     | Reached skill level 14 in Maces & Flails
  9956 | D:10     | Identified Gumuniam's Papyrus of Attacks
 10104 | D:10     | Found a blossoming altar of Fedhas.
 10258 | D:10     | Found a roughly hewn altar of Beogh.
 10480 | D:11     | Found a gate leading to a gauntlet.
 10486 | Gauntlet | Entered a Gauntlet
 10486 | Gauntlet | Found a transporter.
 10487 | Gauntlet | Found a runed translucent door.
 10489 | Gauntlet | Found a transporter.
 10491 | Gauntlet | Found a runed translucent door.
 10501 | Gauntlet | Found a transporter.
 10501 | Gauntlet | Noticed a blizzard demon
 10505 | Gauntlet | Found a transporter.
 10520 | Gauntlet | Noticed a green death
 10525 | Gauntlet | Found a transporter.
 10538 | Gauntlet | Found a transporter.
 10546 | Gauntlet | Found a transporter.
 10547 | Gauntlet | Found a transporter.
 10550 | Gauntlet | Noticed a green death
 10574 | Gauntlet | Found a transporter.
 10578 | Gauntlet | Noticed an entropy weaver
 10592 | Gauntlet | Found a transporter.
 10596 | Gauntlet | Found a transporter.
 10607 | Gauntlet | Found a transporter.
 10622 | Gauntlet | Noticed a blizzard demon
 10767 | Gauntlet | Killed a blizzard demon
 10833 | Gauntlet | Killed a green death
 10885 | Gauntlet | Identified a coiled bone ring
 10890 | Gauntlet | Reached skill level 15 in Maces & Flails
 10890 | Gauntlet | Reached XP level 13. HP: 132/132 MP: 15/15
 10897 | Gauntlet | Noticed a minotaur
 10915 | Gauntlet | Killed a minotaur
 10939 | Gauntlet | Identified a crude cloak
 10939 | Gauntlet | Identified a brightly glowing turquoise ring
 11062 | D:11     | Noticed Josephine
 11094 | D:11     | Killed Josephine
 11118 | D:11     | Reached XP level 14. HP: 113/141 MP: 16/16
 11194 | D:11     | Reached ****** piety under Okawaru
 11269 | D:11     | Identified the +10 flail of Pride {speed, rF+ rC+ Str+3
                  | Int+4}
 11328 | D:11     | Noticed Fannar
 11363 | D:12     | Reached skill level 1 in Evocations
 11526 | D:12     | Received a gift from Okawaru
 11579 | D:12     | Found a blossoming altar of Fedhas.
 11609 | D:12     | Reached skill level 10 in Fighting
 11846 | D:11     | Found a staircase to the Lair.
 11987 | D:11     | Killed Fannar
 12732 | Lair:1   | Entered Level 1 of the Lair of Beasts
 13150 | Lair:1   | Reached skill level 16 in Maces & Flails
 13162 | Lair:1   | Identified a twisted morningstar
 13863 | Lair:2   | Found a staircase to the Shoals.
 14425 | Lair:3   | Received a gift from Okawaru
 14902 | Lair:3   | You fall into a shaft and drop 3 floors!
 14902 | Lair:6   | Entered Level 6 of the Lair of Beasts
 15319 | Lair:5   | Noticed Urug
 15338 | Lair:5   | Killed Urug
 15520 | Lair:4   | Reached skill level 1 in Throwing
 16162 | Lair:4   | Found a hole to the Spider Nest.
 16173 | Lair:4   | Reached XP level 15. HP: 117/156 MP: 17/17
 16952 | Lair:4   | Reached skill level 5 in Throwing
 17165 | Spider:1 | Entered Level 1 of the Spider Nest
 18244 | Lair:6   | Identified the Handbook of Displaced Stones
 18313 | Lair:6   | Found a runed translucent door.
 18357 | Lair:6   | Found a viscous altar of Jiyva.
 18357 | Lair:6   | Found a staircase to the Slime Pits.
 19098 | D:13     | Received a gift from Okawaru
 19667 | D:14     | Found a runed translucent gate.
 19667 | D:14     | Found a runed translucent gate.
 19667 | D:14     | Found a runed translucent gate.
 19667 | D:14     | Noticed Akhra's ghost (journeyman TeGl)
 19874 | D:14     | Found a gate to the Vaults.
 20191 | D:14     | Found a snail-covered altar of Cheibriados.
 20195 | D:14     | Received a gift from Okawaru
 20983 | D:14     | Killed Akhra's ghost
 21054 | D:15     | Entered Level 15 of the Dungeon
 21239 | D:15     | Reached XP level 16. HP: 131/169 MP: 18/18
 21474 | D:15     | Found a staircase to the Depths.
 21528 | D:15     | Reached skill level 10 in Throwing
 21702 | D:15     | Identified a slimy war axe
 22031 | Orc:1    | Entered Level 1 of the Orcish Mines
 22149 | Orc:1    | Reached skill level 5 in Invocations
 22405 | Orc:1    | Received a gift from Okawaru
 22819 | Orc:2    | Entered Level 2 of the Orcish Mines
 22941 | Orc:2    | Found Fevai's Antique Weapon Shop.
 23066 | Orc:2    | Found Peyrept's Antique Armour Shoppe.
 23326 | Orc:2    | Found a staircase to the Elven Halls.
 23545 | Orc:2    | Found Jires's General Store.
 23734 | Orc:2    | Found Nexaqo's Book Shop.
 23947 | Orc:2    | Bought a manual of Fighting for 1766 gold pieces
 25086 | Spider:2 | Reached skill level 15 in Fighting
 25095 | Spider:2 | Received a gift from Okawaru
 26453 | Spider:2 | Reached XP level 17. HP: 72/187 MP: 20/20
 27224 | Spider:3 | Found a transporter.
 27231 | Spider:3 | Noticed Arachne
 27270 | Spider:3 | Identified a translucent giant spiked club {god gift}
                  | (Okawaru gifted it to you on level 3 of the Spider Nest)
 27270 | Spider:3 | Received a gift from Okawaru
 27379 | Spider:3 | Found a transporter.
 27383 | Spider:3 | Noticed Honosyedgha's ghost (adept GrBe)
 27402 | Spider:3 | Noticed Plog's ghost (adept MiBe)
 27919 | Spider:4 | Entered Level 4 of the Spider Nest
 28365 | Spider:3 | Upgraded the game from 0.27-a0-417-g317cea8a3c to
                  | 0.27-a0-423-gf312af23e9
 28506 | Spider:3 | HP: 7/189 [something (9)]
 28727 | Spider:3 | Identified the +2 leather armour "Simynoco" {+Fly rPois}
 28761 | Spider:3 | Received a gift from Okawaru
 29546 | Spider:4 | Received a gift from Okawaru
 29745 | Shoals:1 | Entered Level 1 of the Shoals
 29745 | Shoals:1 | Found a transporter.
 29754 | Shoals:1 | Found a transporter.
 29819 | Shoals:1 | Reached skill level 10 in Armour
 30065 | Shoals:1 | Reached skill level 17 in Maces & Flails
 30665 | Shoals:2 | Reached skill level 5 in Dodging
 30751 | Shoals:2 | Noticed Ilsuiw
 30801 | Shoals:2 | Killed Ilsuiw
 31388 | Shoals:2 | Cast into level 3 of the Abyss (merfolk impaler)
 31389 | Abyss:3  | Found a corrupted altar of Lugonu.
 31438 | Abyss:3  | Reached XP level 18. HP: 159/198 MP: 21/21
 31622 | Abyss:3  | Paralysed by accursed screaming for 2 turns
 31793 | Abyss:3  | Noticed a Hell Sentinel
 31809 | Abyss:3  | Killed a Hell Sentinel
 31873 | Abyss:3  | Identified the +0 robe of a treasure trove {-Tele Harm
                  | Str+3} (Okawaru gifted it to you on level 3 of the Abyss)
 31873 | Abyss:3  | Received a gift from Okawaru
 31924 | Shoals:2 | Escaped the Abyss
 33291 | Shoals:4 | Entered Level 4 of the Shoals
 34331 | Shoals:4 | Reached skill level 18 in Maces & Flails
 34416 | Shoals:4 | Got a barnacled rune of Zot
 34722 | Shoals:4 | Received a gift from Okawaru
 35243 | Shoals:1 | Identified the +1 robe of Xicoipif {SInv} (Okawaru gifted
                  | it to you on level 1 of the Shoals)
 35243 | Shoals:1 | Received a gift from Okawaru
 35285 | Shoals:1 | Identified the amulet "Zefrulow" {rPois rN+ Regen+}
 35585 | Spider:3 | Killed Honosyedgha's ghost
 35922 | Spider:4 | Reached XP level 19. HP: 200/206 MP: 22/22
 36235 | Spider:4 | Reached skill level 19 in Maces & Flails
 36613 | Spider:4 | Got a gossamer rune of Zot
 36903 | Elf:1    | Entered Level 1 of the Elven Halls
 37540 | Elf:1    | Received a gift from Okawaru
 38448 | Elf:2    | Reached skill level 20 in Maces & Flails
 38774 | Elf:2    | Found a runed translucent gate.
 38782 | Elf:2    | Found a runed translucent gate.
 38782 | Elf:2    | Found a runed translucent gate.
 38997 | Elf:2    | HP: 7/206 [deep elf blademaster/+0 rapier of venom (7)]
 38998 | Elf:2    | Mangled by a deep elf blademaster

Illustrated notes

Levels and vault maps discovered:
D:1:      dpeg_arrival_connections, layout_loops_corners
D:2:      layout_loops_ring, nicolae_overflow_hidden_temple, uniq_terence
D:3:      layout_basic, minmay_fractal_squares_gapless_5
D:4:      cheibrodos_quashed, layout_cave_pods,
          minmay_overflow_temple_star_quad, pdpol_wu_jian_five_deadly_venoms,
          lemuel_crystal_altar, minmay_temple_entry_purple_smoke
D:5:      layout_rooms, grunt_gozag_breadcrumbs, serial_shops,
          kennysheep_mini_moat, shop, shop, shop_coins, shop,
          cheibrodos_sewer_entry_drain, patterned_corridor
D:6:      layout_basic, vehumet_statue, nicolae_overflow_crystal_walls,
          gammafunk_temple_overflow_statue, kennysheep_generic_room_16
D:7:      layout_basic, enter_bailey_3
D:8:      hangedman_cross_veins, layout_basic, zin_treasury, serial_shops, shop,
          minmay_misc_feat_four_crosses, uniq_harold, uniq_maggie
D:9:      layout_roguey [special_room_orc], kennysheep_little_box,
          due_unseen_surprise, uniq_erica, uniq_psyche
D:10:     minmay_the_grid_3x3 [minmay_the_grid_aliased_spiral,
          minmay_the_grid_empty, minmay_the_grid_paths,
          minmay_the_grid_small_cups, minmay_the_grid_gridbox,
          minmay_the_grid_box_x, minmay_the_grid_expand,
          minmay_the_grid_plusring, minmay_the_grid_prize_diamond_cup],
          layout_rooms, minmay_orc_entry_temple_small, tgw_fedhas
D:11:     layout_gridville, dpeg_lair_monsters, gauntlet_entry_generic,
          uniq_josephine, uniq_fannar
D:12:     layout_rooms, hangedman_tree_tricks, corexii_corridor_pit,
          grunt_livestock
D:13:     layout_irregular_city, serial_column_ruins, column_ruins_hut_ruined,
          column_ruins_hut, column_ruins_open_small,
          column_ruins_columns_straight, column_ruins_grid_1,
          column_ruins_grid_1, minmay_another_anthill
D:14:     wander_river, layout_layer_cave, david_vaults_2,
          gammafunk_ghost_split, cheibriados_altar_1,
          corexii_mini_fake_secret_closet
D:15:     hangedman_depths_entry_civil_slaughter, layout_rooms,
          minmay_door_square, lemuel_nasty_fountain
Temple:   jpeg_temple_island
Lair:1:   layout_misc_corridors, chequers_serial_rivers_micro_b,
          minmay_lair_oklob_chamber, lemuel_fruit_tree, grunt_megastairs_1,
          serial_bayou_shore_a
Lair:2:   layout_regular_city, elwin_shoals_entry_rooms
Lair:3:   layout_chaotic_city, serial_rivers, chequers_serial_rivers_large_b,
          chequers_serial_rivers_marsh, chequers_serial_rivers_large_a,
          chequers_serial_rivers_micro_b, pond
Lair:4:   layout_layer_cave, spider_nest_entry_a, grunt_forest_stairs_basic
Lair:5:   layout_roguey, cheibrodos_lair_reptile_den, uniq_urug
Lair:6:   guppyfry_lair_end_dragon, layout_cave_pods, slime_altar_2,
          lookout_lair_type, infiniplex_staircase_pool
Shoals:1: gammafunk_sealed_arena, layout_shoals, abandoned_shop, abandoned_shop
Shoals:2: layout_shoals, uniq_ilsuiw
Shoals:3: layout_shoals, st_shoals_ruin
Shoals:4: shoals_end_simple, layout_shoals, nicolae_shoals_undead_eyrie
Spider:1: layout_spider_delve
Spider:2: layout_chambers, nicolae_spider_circle_web
Spider:3: layout_spider_delve, nzn_ghost_randoct, nicolae_spider_webs_and_nodes
Spider:4: spider_rune_water
Orc:1:    layout_caves, serial_shops
Orc:2:    grunt_orc_gardens, layout_diamond_mine, grunt_orc_garden,
          grunt_orc_garden, grunt_orc_garden, grunt_orc_garden, sword_in_stone
Elf:1:    layout_geoelf_grid, minmay_elf_crystal_heptagon
Elf:2:    layout_gridlike, solitary_fountain

Skill      XL: |  1  2  3  4  5  6  7  8  9 10 11 12 13 14 15 16 17 18 19 |
---------------+----------------------------------------------------------+-----
Maces & Flails | 2 3 4 5 7 8 9 10 12 15 16 17 18 20 | 20.2
Fighting       | 4 6 8 9 11 13 16 | 16.6
Invocations    | 4 6 |  6.2
Dodging        | 4 6 7 |  7.1
Armour         | 3 5 6 7 10 | 10.0
Evocations     | 2 |  2.1
Throwing       | 2 9 10 12 | 12.0
Shields        | |  2.4

Action                   |  1- 3 |  4- 6 |  7- 9 | 10-12 | 13-15 | 16-18 | 19-21 || total
-------------------------+-------+-------+-------+-------+-------+-------+-------++-------
Melee: Flail             |    90 |   180 |       |       |       |       |       ||   270
       Whip              |       |    85 |    21 |       |       |       |       ||   106
       Giant club        |       |       |   272 |   129 |       |       |       ||   401
       Morningstar       |       |       |    49 |    99 |   707 |   807 |       ||  1662
       Giant spiked club |       |       |       |   215 |   397 |   846 |   337 ||  1795
Throw: Dart              |       |     4 |    15 |       |       |       |       ||    19
       Throwing net      |       |     1 |       |       |       |       |       ||     1
       Boomerang         |       |       |    10 |       |       |       |       ||    10
       Javelin           |       |       |       |       |       |    24 |       ||    24
       Large rock        |       |       |       |       |       |    31 |    13 ||    44
Invok: Heroism           |       |       |     3 |     4 |     3 |     4 |     2 ||    16
Evoke: Wand              |       |       |     2 |     3 |     3 |     6 |       ||    14
       Condenser vane    |       |       |     1 |     1 |       |     4 |       ||     6
       Lightning rod     |       |       |       |       |       |     4 |       ||     4
       Phial of floods   |       |       |       |       |       |     1 |     1 ||     2
       Phantom mirror    |       |       |       |       |       |       |     1 ||     1
  Use: Scroll            |       |     8 |     5 |     8 |     5 |    16 |     7 ||    49
       Potion            |       |     5 |     1 |     3 |     1 |    14 |     3 ||    27
 Stab: Distracted        |       |       |     2 |     1 |       |       |       ||     3
       Confused          |       |       |     1 |       |       |     1 |       ||     2
       Petrified         |       |       |       |       |     4 |       |       ||     4
Armor: Robe              |    28 |    94 |    63 |    12 |     1 |       |    39 ||   237
       Acid dragon scale |       |       |       |   123 |   523 |  1246 |   119 ||  2011
       Skin              |       |       |       |     1 |    19 |       |       ||    20
Dodge: Dodged            |    24 |   103 |   197 |   245 |   538 |  1155 |   180 ||  2442
Block: Kite shield       |    48 |   152 |    10 |       |   290 |   129 |       ||   629
       Tower shield      |       |       |       |       |       |   769 |       ||   769

Table legend: (Time is in decaauts)
 A = Elapsed time spent in this place.
 B = Non-inter-level travel time spent in this place.
 C = Inter-level travel time spent in this place.
 D = Time resting spent in this place.
 E = Time spent auto-exploring this place.
 F = Levels seen in this place.
 G = Mean time per level.
                   A        B        C        D        E       F      G
               +--------+--------+--------+--------+--------+-----+--------+
         Total |  39631 |  36096 |   3535 |   5201 |  20117 |  38 | 1042.9 |
       Dungeon |  15280 |  13812 |   1468 |    920 |   8927 |  15 | 1018.7 |
        Temple |     82 |     42 |     40 |      0 |     30 |   1 |   82.0 |
          Lair |   6331 |   5397 |    934 |    197 |   4232 |   6 | 1055.2 |
        Shoals |   5323 |   4862 |    461 |   1249 |   2012 |   4 | 1330.8 |
   Spider Nest |   6887 |   6405 |    482 |   1893 |   2647 |   4 | 1721.8 |
  Orcish Mines |   1827 |   1708 |    119 |    274 |    802 |   2 |  913.5 |
   Elven Halls |   1946 |   1916 |     30 |    265 |   1129 |   2 |  973.0 |
         Abyss |    530 |    530 |      0 |    146 |      0 |   1 |  530.0 |
         Sewer |    162 |    162 |      0 |     41 |     54 |   1 |  162.0 |
        Bailey |    802 |    802 |      0 |    149 |    130 |   1 |  802.0 |
      Gauntlet |    456 |    456 |      0 |     67 |    152 |   1 |  456.0 |
               +--------+--------+--------+--------+--------+-----+--------+

Top non-repeatable levels by time:
Spider:2: 2264 daAuts
Spider:3: 2063 daAuts
Spider:4: 1635 daAuts
    D:14: 1521 daAuts
    D:10: 1494 daAuts
Shoals:2: 1494 daAuts
Shoals:3: 1438 daAuts
  Lair:4: 1421 daAuts
Shoals:4: 1302 daAuts
     D:8: 1169 daAuts
     D:7: 1165 daAuts
   Elf:1: 1152 daAuts
  Lair:3: 1142 daAuts
     D:4: 1138 daAuts
  Lair:6: 1108 daAuts
